cohdb
Replays
Latest Replays
All Replays
Popular Replays
Top Player Replays
Match Explorer
How It Works
Community
CoH3 Stats
Reddit
Sign in to upload your games and track your stats! →
Sign in with Steam
Match 42548953
Unlisted
Match 42548953
Overview
Messages
Build Orders
End
Construct Barracks
Selects Special Operations Battlegroup
Selects Special Operations Battlegroup
Selects Special Operations Battlegroup
Selects M29 Weasel Recon Vehicle
Riflemen Squad
Riflemen Squad
Grenade Package
Riflemen Squad
Selects M29 Weasel with M1 Pack Howitzer
M29 Weasel with M1 Pack Howitzer
Infantry Support Center
Construct Weapon Support Center
M3 Armored Personnel Carrier
M3 Armored Personnel Carrier
Engineer Squad
Munitions Surplus
Selects Mark Vehicle
Riflemen Squad
M1919 Machine Gun Team
Construct Medical Station
Riflemen Squad
水银灯
豪师傅
Weebanori
nogadaman
ashilrye
Mr.Faraam
Dirkradix
mayomeyo
0
0
Comments
sign in to comment!
No comments posted yet!